 Dungeon Crawl Stone Soup version 0.30-b1-2-g02819fbbbe (webtiles) character file.

Game seed: 9607223274830960748

1775 Boubouet the Grappler (level 8, -6/78 HPs)
             Began as a Troll Berserker on July 31, 2023.
             Was an Elder of Trog.
             Mangled by a yak (11 damage)
             ... on level 6 of the Dungeon.
             The game lasted 00:20:29 (5341 turns).

Boubouet the Grappler (Troll Berserker)             Turns: 5341, Time: 00:20:29

Health: -6/78      AC:  8    Str: 28    XL:     8   Next: 80%
Magic:  7/7        EV: 11    Int:  3    God:    Trog [****..]
Gold:   387        SH:  0    Dex:  9    Spells: 7/7 levels left

rFire   . .          .
                       - Unarmed
rCold   . . .        (no shield)
rNeg    . . .        a - +0 animal skin
rPois   .            (helmet restricted)
rElec   .            (no cloak)
rCorr   .            (gloves unavailable)
SInv    .            (boots unavailable)
Will    ++...        (no amulet)
Stlth   +            j - ring of flight
HPRegen 2.13/turn    u - +4 ring of protection
MPRegen 0.10/turn

%: no passive effects
@: strong-willed, on berserk cooldown, flying, regenerating, slowed, very slow
A: large, unfitting armour, claws 3, regeneration 1, shaggy fur 1, tough skin 1
a: Renounce Religion, Berserk, Trog's Hand, Brothers in Arms


You were on level 6 of the Dungeon.
You worshipped Trog.
Trog was greatly pleased with you.
You visited 2 branches of the dungeon, and saw 7 of its levels.
You also visited: Sewer.

You collected 387 gold pieces.

Inventory:

Armour
 a - a +0 animal skin (worn)
Jewellery
 h - a ring of poison resistance
 j - a ring of flight (left claw)
 m - a +4 ring of protection
 r - a +4 ring of protection
 u - a +4 ring of protection (right claw)
Wands
 n - a wand of flame (17)
 t - a wand of paralysis (11)
Scrolls
 b - 2 scrolls of amnesia {unknown}
 c - a scroll of poison {unknown}
 d - 6 scrolls of teleportation
 e - 2 scrolls of fear {unknown}
 f - 4 scrolls of identify {unknown}
 l - a scroll of enchant weapon {unknown}
 q - 2 scrolls of blinking {unknown}
 s - a scroll of noise {unknown}
Potions
 g - 2 potions of curing {unknown}
 i - a potion of heal wounds {unknown}
 k - a potion of haste {unknown}
 o - a potion of degeneration {unknown}
 p - 4 potions of flight
 v - a potion of lignification {unknown}
 w - 2 potions of brilliance {unknown}


   Skills:
 + Level 3.9 Fighting
 + Level 5.2 Dodging
 + Level 1.3 Stealth
 + Level 9.3 Unarmed Combat


You had 7 spell levels left.
You didn't know any spells.
Your spell library was empty.

Dungeon Overview and Level Annotations

Branches:
Dungeon (6/15)             Temple (1/1) D:4           Sewer (visited)

Altars:
Ashenzari
Cheibriados
Dithmenos
Fedhas
Kikubaaqudgha
Makhleb
Nemelex Xobeh
Sif Muna
Trog
Uskayaw
Vehumet
Wu Jian
Xom
Yredelemnul
Zin

Shops:
D:4 *!

Annotations:
D:6 Setanta's ghost, novice MiFi


Innate Abilities, Weirdness & Mutations

You are too large for most types of armour.
You have claws for hands.
Your natural rate of healing is unusually fast.
You are covered in fur. (AC +1)
You have tough skin. (AC +1)


Message History

Dowan barely misses you.
You barely miss the yak.
The yak is lightly wounded.
The yak gores you!
* * * LOW HITPOINT WARNING * * *
Dowan mumbles some strange words.
Dowan blinks!
You barely miss the yak. The yak gores you.
* * * LOW HITPOINT WARNING * * *
The yak gores you.
* * * LOW HITPOINT WARNING * * *
The yak gores you!
* * * LOW HITPOINT WARNING * * *
Dowan gestures wildly while chanting.
Dowan blinks!
You barely miss Dowan. The yak gores you.
* * * LOW HITPOINT WARNING * * *
The yak gores you.
* * * LOW HITPOINT WARNING * * *
You mangle Dowan!! You claw Dowan.
You kill Dowan!
Trog accepts your kill.
Trog appreciates your killing of a magic user.
Things that are here:
a +0 dagger; a +0 robe; the elf corpse of Dowan You feel a strong urge to attack something.
You are no longer berserk.
You are exhausted.
You feel yourself slow down.
Setanta's ghost shouts, "You will never get the ORB!"
The yak attacks as you move away! The yak closely misses you.
The yak attacks as you move away! The yak closely misses you.
The yak attacks as you move away! The yak barely misses you. The yak gores you!
* * * LOW HITPOINT WARNING * * *
The yak gores you!
* * * LOW HITPOINT WARNING * * *
Your skin crawls.
You feel strong-willed. The yak gores you!
You die... ....#.......# ............. ....#.......# ............# ....#.......# ...........# ....'.......# YY........# ....#......^# ..... ...# ....#.......# .eY

....#
..###.......#######+#####.##.#..#
..#.............)Y.....)#.....#.#
..#.............@Y...)..........#
..#..............Y.....†..###...#
..#......................##⌠##...
..#.....................##...##..
..#....................##..!..##.
..#....................#W.!♣?.⌠#.
###......†.............##.....##.
..###'###############...##...##..
...#......... .....##.##...


You could see 3 yaks.

Vanquished Creatures
  Grinder (D:5)
  2 yaks (D:6)
  Menkaure (D:6)
  Duvessa (D:6)
  An ice beast (D:6)
  3 ogres
  A phantom (D:5)
  A scorpion (D:6)
  Dowan (D:6)
  5 hounds
  A jelly (D:5)
  Ijyb (D:4)
  An iguana (D:5)
  A malarious merfolk avatar (Sewer)
  A sickly merfolk siren (Sewer)
  8 gnolls (D:5)
  7 adders
  A river rat (Sewer)
  An ufetubus (D:5)
  4 worms (D:2)
  2 dart slugs
  12 orcs
  9 endoplasms
  7 giant cockroaches
  10 hobgoblins
  8 kobolds
  7 quokkas
  10 ball pythons
  4 bats
  11 frilled lizards
  6 goblins
  35 rats
164 creatures vanquished.

Vanquished Creatures (others)
  A fungus (D:1)
  6 plants (D:1)
7 creatures vanquished.

Grand Total: 171 creatures vanquished

Notes
Turn   | Place    | Note
-------+----------+-------------------------------------------
     0 | D:1      | Boubouet the Troll Berserker began the quest for the Orb.
     0 | D:1      | Reached XP level 1. HP: 22/22 MP: 0/0
   315 | D:1      | Reached XP level 2. HP: 29/29 MP: 1/1
   419 | D:1      | Found a faded altar of an unknown god.
  1086 | D:2      | Reached ** piety under Trog
  1158 | D:2      | Reached XP level 3. HP: 36/36 MP: 2/2
  1847 | D:3      | Reached skill level 4 in Unarmed Combat
  1847 | D:3      | Reached XP level 4. HP: 43/44 MP: 3/3
  1963 | D:3      | Found a shimmering altar of Xom.
  1963 | D:3      | Found a shimmering altar of Xom.
  1963 | D:3      | Found a shimmering altar of Xom.
  1964 | D:3      | Found a shimmering altar of Xom.
  1970 | D:3      | Found a shimmering altar of Xom.
  1971 | D:3      | Found a shimmering altar of Xom.
  1971 | D:3      | Found a shimmering altar of Xom.
  2275 | D:3      | Found a glowing drain.
  2288 | D:3      | Reached *** piety under Trog
  2301 | Sewer    | Entered a sewer
  2465 | Sewer    | Reached XP level 5. HP: 53/53 MP: 4/4
  2546 | Sewer    | Reached **** piety under Trog
  2711 | D:3      | Reached skill level 5 in Unarmed Combat
  3181 | D:4      | Noticed Ijyb
  3187 | D:4      | Paralysed by Ijyb for 3 turns
  3192 | D:4      | Killed Ijyb
  3248 | D:4      | Found Ripiteimn's General Store.
  3279 | D:4      | Noticed an ogre
  3290 | D:4      | Killed an ogre
  3291 | D:4      | Reached XP level 6. HP: 55/61 MP: 5/5
  3292 | D:4      | Found Doho's Distillery.
  3326 | D:4      | Found a staircase to the Ecumenical Temple.
  3382 | Temple   | Entered the Ecumenical Temple
  3860 | D:5      | Entered Level 5 of the Dungeon
  4077 | D:5      | Reached skill level 6 in Unarmed Combat
  4325 | D:5      | Reached XP level 7. HP: 67/67 MP: 6/6
  4486 | D:5      | Reached skill level 7 in Unarmed Combat
  4753 | D:5      | Noticed Grinder
  4766 | D:5      | Killed Grinder
  4767 | D:5      | Reached XP level 8. HP: 54/75 MP: 7/7
  5212 | D:6      | Noticed Menkaure
  5219 | D:6      | Killed Menkaure
  5220 | D:6      | Reached skill level 1 in Stealth
  5220 | D:6      | Reached skill level 8 in Unarmed Combat
  5301 | D:6      | Noticed Setanta's ghost (novice MiFi)
  5309 | D:6      | Noticed Dowan
  5312 | D:6      | Noticed Duvessa
  5325 | D:6      | Killed Duvessa
  5328 | D:6      | Reached skill level 5 in Dodging
  5328 | D:6      | Reached skill level 9 in Unarmed Combat
  5334 | D:6      | Killed Dowan
  5340 | D:6      | HP: 2/78 [yak (7)]
  5341 | D:6      | Mangled by a yak

Illustrated notes

Levels and vault maps discovered:
D:1:      dpeg_arrival_simpleton_c, layout_loops_corners,
          shapermc_ecumenical_altar_mp_ritualfount,
          chequers_serial_rivers_room_a, serial_park_tiny_1
D:2:      layout_basic
D:3:      layout_basic, nicolae_xom_altar_mimics, portal_sewer_entry_f
D:4:      layout_gridville, minmay_temple_entry_junction_2, serial_shops, shop,
          nicolae_stop_n_shop_2, nicolae_titane, uniq_ijyb
D:5:      layout_layer_cave, chequers_serial_rivers_small_3,
          minmay_starry_boxes, uniq_grinder
D:6:      cheibrodos_quashed, layout_gridville, grunt_qazlal_clouds,
          hellmonk_ghost_happy_afterlife, serial_shops,
          nicolae_shop_window_shopping, uniq_duvessa, uniq_menkaure
Temple:   eino_temple_lava

Skill      XL: |  1  2  3  4  5  6  7  8 |
---------------+-------------------------+-----
Unarmed Combat | 4 5 6 7 9 |  9.3
Dodging        | 3 4 5 |  5.2
Fighting       | 3 |  3.9
Stealth        | 1 |  1.3

Action                     |  1- 3 |  4- 6 |  7- 9 || total
---------------------------+-------+-------+-------++-------
  Melee: Unarmed           |   132 |   249 |    66 ||   447
         Punch             |     6 |     7 |     6 ||    19
 Invoke: Berserk           |       |     2 |     2 ||     4
         Trog's Hand       |       |       |     1 ||     1
   Stab: Sleeping          |       |     1 |       ||     1
 Armour: Animal skin       |    54 |   106 |    15 ||   175
  Dodge: Dodged            |    63 |   141 |    33 ||   237
